 Dungeon Crawl Stone Soup version 0.26.0-91-g99b343417d (webtiles) character file.

Game seed: 4266093080499954560

25 Gadfly the Charlatan (level 2, -2/24 HPs)
             Began as a Palentonga Artificer on Feb 4, 2021.
             Slain by a hound (3 damage)
             ... on level 2 of the Dungeon.
             The game lasted 00:01:56 (1612 turns).

Gadfly the Charlatan (Palentonga Artificer)         Turns: 1612, Time: 00:01:57

Health: -2/24      AC:  4    Str: 15    XL:     2   Next: 86%
Magic:  2/2        EV:  9    Int: 11    God:
Gold:   59         SH:  0    Dex: 10    Spells: 1/1 levels left

rFire    . . .     SeeInvis +   a - +1 club
rCold    . . .     Faith    .   (no shield)
rNeg     . . .     Spirit   .   b - +0 leather armour
rPois    .         Reflect  .   (no helmet)
rElec    .         Harm     .   (no cloak)
rCorr    .         Rampage  .   (no gloves)
Will     .....                  (no barding)
Stlth    +.........             (no amulet)
HPRegen  0.08/turn              (no ring)
MPRegen  0.08/turn              (no ring)

@: no status effects
A: large, rugged brown scales 3, see invisible, deformed body, roll 1, armoured
tail
a: Rolling Charge


You were on level 2 of the Dungeon.
You visited 1 branch of the dungeon, and saw 2 of its levels.

You collected 59 gold pieces.

Inventory:

Hand Weapons
 a - a +1 club (weapon)
Armour
 b - a +0 leather armour (worn)
Wands
 c - a wand of flame (14)
 d - a wand of enslavement (15)
 e - a wand of random effects (15)
Scrolls
 f - a scroll of magic mapping {unknown}
 g - a scroll of remove curse
Potions
 h - a potion of mutation {unknown}
 i - a potion of cancellation {unknown}


   Skills:
 + Level 1.2 Fighting
 * Level 1.0 Long Blades
 * Level 2.0 Armour
 * Level 1.2 Dodging
 - Level 0.5 Stealth
 + Level 2.8 Evocations


You had one spell level left.
You didn't know any spells.
Your spell library was empty.

Dungeon Overview and Level Annotations

Branches:
Dungeon (2/15)

Altars:
Zin


Innate Abilities, Weirdness & Mutations

You are completely covered in rugged brown scales. (AC +3, +7% HP)
You have supernaturally acute eyesight. (SInv)
Armour fits poorly on your strangely shaped body.
You can roll at nearby foes to attack.
You have a long armoured tail.


Message History

The hound is heavily wounded.
The hound bites you. The hound barely misses you. The hound bites you.
You barely miss the hound.
Your tail-slap misses the hound.
The hound is heavily wounded.
The hound barely misses you. The hound misses you.
You hit the hound.
The hound is heavily wounded.
The hound bites you. x2
You closely miss the hound.
The hound is heavily wounded.
The hound bites you.
* * * LOW HITPOINT WARNING * * *
The hound bites you but does no damage.
You hit the hound.
Your tail-slap misses the hound.
The hound is heavily wounded.
The hound bites you.
* * * LOW HITPOINT WARNING * * *
The hound bites you.
You die...

######... #..#.# .........
##.#.# .........
#####.#'##### ........#
#...#........ ........#
#.#.#.......#
.......w######.#....>....#
........+......#########.#
......?.######.#########.#
....>..wh@...............#
##########################


You could see a worm and a hound.

Vanquished Creatures
  2 dart slugs (D:1)
  A leopard gecko (D:2)
  5 bats (D:1)
  A giant cockroach (D:1)
  3 goblins (D:1)
  2 hobgoblins (D:1)
  A ball python (D:2)
  3 frilled lizards
  3 rats (D:1)
21 creatures vanquished.

Notes
Turn   | Place    | Note
-------+----------+-------------------------------------------
     0 | D:1      | Gadfly the Palentonga Artificer began the quest for the
                  | Orb.
     0 | D:1      | Reached XP level 1. HP: 17/17 MP: 1/1
   187 | D:1      | Reached skill level 1 in Dodging
   226 | D:1      | Reached XP level 2. HP: 6/24 MP: 2/2
  1279 | D:1      | Reached skill level 1 in Long Blades
  1522 | D:2      | Found a glowing silver altar of Zin.
  1612 | D:2      | HP: 1/24 [hound (3)]
  1612 | D:2      | Slain by a hound

Illustrated notes

Levels and vault maps discovered:
D:1:      minmay_arrival_loop, layout_loops_corners, serial_bayou_ford_a,
          hex_large
D:2:      layout_basic, old_standard_altar, old_standard_altar,
          minmay_hexomino_c4, uniq_sigmund

Skill      XL: |  1  2 |
---------------+-------+-----
Dodging        | 1 |  1.2
Long Blades    | 1 |  1.0
Armour         | 2 |  2.0
Fighting       | |  1.2
Stealth        | |  0.5
Evocations     | |  2.8

Action                   || total
-------------------------++-------
Melee: Club              ||    79
       Tailslap          ||     8
 Abil: Rolling Charge    ||    11
Evoke: Wand              ||     1
  Use: Scroll            ||     3
Armor: Leather armour    ||    28
Dodge: Dodged            ||    41
